 Dungeon Crawl Stone Soup version 0.19-b1-4-gd8a0a2a (webtiles) character file.

198 vev the Magician (level 5, 0/24 HPs)
             Began as a Spriggan Conjurer on Oct 30, 2016.
             Slain by an orc wizard
             ... wielding a +0 dagger
              (5 damage)
             ... on level 4 of the Dungeon.
             The game lasted 00:05:53 (3376 turns).

vev the Magician (Spriggan Conjurer)                Turns: 3376, Time: 00:05:54

Health: 0/24       AC:  2    Str:  4    XL:     5   Next: 47%
Magic:  2/14       EV: 18    Int: 17    God:
Gold:   174        SH:  0    Dex: 17    Spells: 2 memorised, 11 levels left

rFire  . . .     SeeInvis +     m - +3 dagger (vamp)
rCold  . . .     Gourm    .     a - +0 robe
rNeg   . . .     Faith    .     (shield restricted)
rPois  .         Spirit   .     (helmet restricted)
rElec  .         Reflect  .     (no cloak)
rCorr  .         Harm     .     (gloves unavailable)
MR     +....                    (boots unavailable)
Stlth  +++.......               (no amulet)
                                (no ring)
                                k - ring of protection from magic

@: very slightly contaminated, very quick
A: unfitting armour, see invisible, herbivore 3, speed 3, slow metabolism 2
a: no special abilities


You were on level 4 of the Dungeon.
You were not hungry.

You visited 1 branch of the dungeon, and saw 4 of its levels.

You collected 174 gold pieces.

Inventory:

Hand Weapons
 g - a +0 dagger
 m - a +3 vampiric dagger (weapon)
 q - a +4 dagger of venom
Armour
 a - a +0 robe (worn)
Jewellery
 h - an uncursed amulet of the gourmand {unknown}
 k - a ring of protection from magic (left hand)
Scrolls
 f - a scroll of teleportation {unknown}
 i - a scroll of enchant armour {unknown}
 j - 5 scrolls of identify {unknown}
 o - a scroll of remove curse {unknown}
Potions
 d - 6 potions of curing {unknown}
 e - 2 potions of lignification {unknown}
 l - 3 potions of brilliance {unknown}
 n - a potion of might {unknown}
 p - 3 potions of flight {unknown}
Books
 b - a book of Conjurations

   Spells                             Type                      Level
   a - Magic Dart                     Conjuration                  1
   b - Searing Ray                    Conjuration                  2
   c - Dazzling Spray                 Conjuration/Hexes            3
   d - Fulminant Prism                Conjuration/Hexes            4
   e - Iskenderun's Mystic Blast      Conjuration                  4
   f - Iskenderun's Battlesphere      Conjuration/Charms           5
Comestibles
 c - 5 bread rations


   Skills:
 + Level 2.4 Short Blades
 - Level 3.0 Dodging
 + Level 4.9 Stealth
 + Level 5.6 Spellcasting
 - Level 2.9 Conjurations


You had 11 spell levels left.
You knew the following spells:

 Your Spells              Type           Power        Failure   Level  Hunger
a - Magic Dart            Conj           ##..         4%          1    None
d - Dazzling Spray        Conj/Hex       #.....       24%         3    ##.....


Dungeon Overview and Level Annotations

Branches:
Dungeon (4/15)
 Temple: D:4-7

Altars:


Innate Abilities, Weirdness & Mutations

You are very small and have problems with some larger weapons.
You are too small for most types of armour.
You have supernaturally acute eyesight. (SInv)
You are a herbivore.
You cover ground extremely quickly.
You need consume almost no food.


Message History

The orc wizard hits you but does no damage.
You completely miss the orc wizard.
The orc wizard is moderately wounded.
The orc wizard points at you and mumbles some strange words.
The puff of flame hits you!
* * * LOW HITPOINT WARNING * * *
You hit the orc wizard but do no damage.
The orc wizard is moderately wounded.
The orc wizard barely misses you.
Casting: Magic Dart
Confirm with . or Enter, or press ? or * to list all spells.
Aiming: Dazzling Spray
Press: ? - help, Shift-Dir - straight line, f/p - orc wizard
Aim: an orc wizard, wielding a dagger and wearing a robe (moderately wounded)
You miscast Dazzling Spray.
You are very lightly contaminated with residual magic.
Your skin tingles.
* * * LOW MAGIC WARNING * * *
The orc wizard hits you with a dagger.
You die... ######## #...oo@# #.######

You could see an orc wizard and an orc.

Vanquished Creatures
  A hound (D:3)
  An orc priest (D:3)
  A gnoll (D:1)
  2 adders
  3 oozes (D:1)
  3 worms (D:2)
  4 dart slugs
  5 leopard geckos
  8 orcs (D:3)
  A ball python (D:1)
  4 bats
  2 giant cockroaches
  7 goblins
  4 hobgoblins (D:1)
  5 jackals
  8 kobolds
  2 quokkas
  5 frilled lizards
  4 rats
70 creatures vanquished.

Notes
Turn   | Place    | Note
-------+----------+-------------------------------------------
     0 | D:1      | vev the Spriggan Conjurer began the quest for the Orb.
     0 | D:1      | Reached XP level 1. HP: 9/9 MP: 5/5
    16 | D:1      | Reached skill level 3 in Spellcasting
   111 | D:1      | Reached XP level 2. HP: 13/13 MP: 1/7
   434 | D:1      | Reached skill level 4 in Spellcasting
   991 | D:1      | Reached XP level 3. HP: 16/16 MP: 5/9
  1610 | D:2      | Reached XP level 4. HP: 21/21 MP: 1/11
  1826 | D:2      | Learned a level 3 spell: Dazzling Spray
  1844 | D:2      | Reached skill level 4 in Stealth
  1868 | D:2      | Reached skill level 1 in Short Blades
  1930 | D:2      | Reached skill level 5 in Spellcasting
  2966 | D:3      | Reached skill level 2 in Short Blades
  2966 | D:3      | Reached XP level 5. HP: 13/24 MP: 4/13
  3376 | D:4      | Slain by an orc wizard

Skill      XL: |  1  2  3  4 |
---------------+-------------+-----
Spellcasting   | 3 4 5 |  5.6
Stealth        | 4 |  4.9
Short Blades   | 2 |  2.4
Dodging        | |  3.0
Conjurations   | |  2.9

Action                   |  1- 3 |  4- 6 || total
-------------------------+-------+-------++-------
Melee: Unarmed           |     9 |       ||     9
       Dagger            |    33 |    45 ||    78
 Cast: Magic Dart        |    91 |   102 ||   193
 Stab: Sleeping          |     1 |     1 ||     2
  Eat: Royal jelly       |     1 |       ||     1
       Bread ration      |       |     1 ||     1
Armor: Robe              |     6 |     3 ||     9
Dodge: Dodged            |    40 |    49 ||    89
